 Dungeon Crawl Stone Soup version 0.17-a0-2171-ga91b4ec (webtiles) character file.

546602 4thArraOfDagon the Phalangite (level 23, 0/191 HPs)
             Began as a Centaur Berserker on Oct 25, 2015.
             Was a High Priest of Zin.
             Killed by divine providence
             ... invoked by a smoke demon
             ... summoned by an obsidian statue
              (13 damage)
             ... on level 10 of a ziggurat.
             The game lasted 04:37:50 (33499 turns).

4thArraOfDagon the Phalangite (Centaur Berserker)  Turns: 33499, Time: 04:37:51

Health: 0/191      AC: 30    Str: 33    XL:     23   Next: 46%
Magic:  31/33      EV: 20    Int: 22    God:    Zin [*****.]
Gold:   1699       SH:  0    Dex: 22    Spells: 6 memorised, 9 levels left

rFire  + . .     SeeInvis +     Q - +9 bardiche (flame)
rCold  . . .     Clarity  .     M - +2 troll leather armour "Eraxkof" {Regen+ Stlth+}
rNeg   + + .     SustAt   .     (no shield)
rPois  ∞         Gourm    .     Z - +3 crown of Dyrovepreva {rElec Int+2 SInv}
rElec  +         Spirit   .     f - +2 cloak {+Inv}
rCorr  .         Warding  +     S - +1 pair of gloves {Str+3}
rMut   .         Stasis   .     k - +6 centaur barding "Nutsuj" {rElec rC- MR+}
MR     ++...                    W - amulet of warding
Stlth  ++++......               a - ring of Cere {+Fly rF+ rC+ Str+4 Dex+5}
                                i - ring "Jisk" {+Fly rPois rN+ Int+3}

@: exhausted, vitalised, very slightly contaminated, very quick, very resistant
to hostile enchantments, stealthy
A: hooves 3, deformed body, speed 2, tough skin 3
a: Donate Gold, Recite, Vitalisation, Imprison, Sanctuary, Renounce Religion,
Evoke Invisibility, Evoke Flight
}: 6/15 runes: decaying, serpentine, slimy, silver, golden, abyssal


You were on level 10 of a ziggurat.
You worshipped Zin.
Zin was extremely pleased with you.
You were not hungry.

You visited 11 branches of the dungeon, and saw 57 of its levels.
You visited the Abyss 1 time.
You visited 1 ziggurat, and saw 10 of its levels.
You also visited: Labyrinth, Volcano and Wizlab.

You collected 5919 gold pieces.
You spent 2274 gold pieces at shops.
You donated 1946 gold pieces to Zin.

Inventory:

Hand Weapons
 Q - a +9 bardiche of flaming (weapon)
Missiles
 n - a throwing net (quivered)
Armour
 f - a +2 cloak of invisibility (worn)
 k - the +6 centaur barding "Nutsuj" (worn) {rElec rC- MR+}
   (You acquired it on level 10 of the Dungeon)

   It makes you vulnerable to cold.
   It insulates you from electricity.
   It affects your resistance to hostile enchantments.
 q - the +2 hat of Lyixih {rElec Str+4 Int+4}
   (You found it on level 6 of a ziggurat)

   It affects your strength (+4).
   It affects your intelligence (+4).
   It insulates you from electricity.
 M - the +2 troll leather armour "Eraxkof" (worn) {Regen+ Stlth+}
   (You bought it in a shop on level 9 of the Dungeon)

   It increases your rate of regeneration.
   It makes you more stealthy.
 R - the +4 chain mail "Toit" {rF++ rN++ MR-}
   (You found it on level 3 of the Crypt)

   It greatly protects you from fire.
   It greatly protects you from negative energy.
   It affects your resistance to hostile enchantments.
 S - a +1 pair of gloves of strength (worn)
 Z - the +3 crown of Dyrovepreva (worn) {rElec Int+2 SInv}
   (You found it on level 7 of a ziggurat)

   It affects your intelligence (+2).
   It insulates you from electricity.
   It lets you see invisible.
Magical Staves
 d - an uncursed staff of energy {!a}
Rods
 u - a +2 lightning rod (11/11)
   (You found it on level 6 of the Pits of Slime)
 K - a +3 lightning rod (12/12)
   (You took it off a deep elf demonologist on level 3 of the Elven Halls)
 P - a +9 rod of the swarm (10/10)
   (You took it off a vault guard on level 5 of the Vaults)
Jewellery
 a - the ring of Cere (right hand) {+Fly rF+ rC+ Str+4 Dex+5}
   (You took it off a vault guard on level 5 of the Vaults)

   [ring of dexterity]

   It affects your strength (+4).
   It affects your dexterity (+5).
   It protects you from fire.
   It protects you from cold.
   It lets you fly.
 i - the ring "Jisk" (left hand) {+Fly rPois rN+ Int+3}
   (You found it on level 3 of the Tomb of the Ancients)

   [ring of poison resistance]

   It affects your intelligence (+3).
   It protects you from poison.
   It protects you from negative energy.
   It lets you fly.
 j - the ring "Paunneury" {+/*Tele Int+6 Stlth+}
   (You found it on level 6 of the Pits of Slime)

   [ring of teleportation]

   It may teleport you to nearby monsters, and can be evoked to randomly
   teleport.
   It affects your intelligence (+6).
   It makes you more stealthy.
 p - the ring of Life {rC+ EV+6 Str+4}
   (You found it on level 6 of the Pits of Slime)

   [ring of evasion]

   It affects your evasion (+6).
   It affects your strength (+4).
   It protects you from cold.
 L - an uncursed ring of positive energy
 N - an uncursed ring of protection from cold
 T - the amulet "Behuutea" {Clar rF+}
   (You took it off a deep elf demonologist on level 3 of the Elven Halls)

   [amulet of clarity]

   It provides mental clarity.
   It protects you from fire.
 V - an uncursed amulet of resist corrosion
 W - an amulet of warding (around neck)
 Y - an uncursed amulet of stasis
Wands
 b - a wand of hasting (5)
 h - a wand of heal wounds (1)
 w - a wand of hasting (7)
 y - a wand of disintegration (7)
 B - a wand of disintegration (6)
 D - a wand of digging (12)
 H - a wand of teleportation (4)
Scrolls
 e - a scroll of summoning
 m - a scroll of magic mapping
 v - 2 scrolls of silence
 x - a scroll of blinking
 z - 10 scrolls of remove curse
 E - a scroll of teleportation
 F - 3 scrolls of fog
Potions
 l - 5 potions of cancellation
 o - 4 potions of invisibility
 r - 6 potions of berserk rage
 t - a potion of resistance
 A - 4 potions of brilliance
 C - a potion of might
 G - 2 potions of magic
 I - 2 potions of curing
 O - a potion of ambrosia
 U - 8 potions of agility
Miscellaneous
 c - a sack of spiders {used: 5}
 g - a phantom mirror
 J - a phial of floods
 X - a lamp of fire
Comestibles
 s - 9 meat rations


   Skills:
 * Level 12.8 Fighting
 - Level 21.0 Polearms
 - Level 11.0 Armour
 - Level 13.4 Dodging
 * Level 12.1 Stealth
 + Level 4.2 Spellcasting
 - Level 3.9 Charms
 * Level 6.2 Translocations
 - Level 3.6 Air Magic
 - Level 14.0 Invocations
 - Level 7.3 Evocations


You had 9 spell levels left.
You knew the following spells:

 Your Spells              Type           Power        Failure   Level  Hunger
a - Blink                 Tloc           N/A          1%          2    #......
b - Repel Missiles        Chrm/Air       ###...       4%          2    #......
c - Phase Shift           Tloc           ####......   28%         5    ######.
d - Controlled Blink      Tloc           N/A          100%        8    #######
e - Apportation           Tloc           ####......   1%          1    None
f - Spectral Weapon       Hex/Chrm       ##......     17%         3    ##.....


Dungeon Overview and Level Annotations

Branches:
Dungeon (15/15)            Temple (0/1) D:7            Lair (8/8) D:9
  Swamp (4/4) Lair:5        Snake (4/4) Lair:3        Slime (6/6) Lair:7
    Orc (4/4) D:12            Elf (3/3) Orc:4        Vaults (5/5) D:14
  Crypt (3/3) Vaults:3       Tomb (3/3) Crypt:3      Depths (2/5) D:15

Altars:
Elyvilon
Gozag
Makhleb
Nemelex Xobeh
Trog
Xom
Zin
Beogh
Jiyva

Shops:
D:9 (**   D:10 *   Orc:3 [   Orc:4 :**(   Elf:2 [   Vaults:5 [

Portals:
Hell: Lair:8

Annotations:
D:4 teron's ghost, novice DrAr
D:8 Prince Ribbit
Lair:5 SWAMP
Swamp:3 exclusion: Roxanne, Roxanne
Snake:2 Saint Roka
Snake:4 exclusion: upstairs
Orc:2 Fannar
Vaults:2 Mara; Margery; Mennas
Depths:1 exclusion: 4 oklob plants
Zig:10 exclusion: obsidian statue


Innate Abilities, Weirdness & Mutations

You have hooves in place of feet.
Armour fits poorly on your strangely shaped body.
You cover ground very quickly.
You have extremely tough skin (AC +3).


Message History

* * * LOW HITPOINT WARNING * * *
The quasit's attack is warded away.
The quasit misses you.
The quasit's attack is warded away.
The ynoxinul completely misses you.
Unknown command.
Unknown command.
Unknown command.
Attack whom?
Press: ? - help, Dir - move target cursor, f/p - obsidian statue
Aim: an obsidian statue (almost destroyed)
Okay, then.
Unknown command.
Casting: Apportation
Confirm with . or Enter, or press ? or * to list all spells.
Okay, then.
Casting: Apportation
Confirm with . or Enter, or press ? or * to list all spells.
You blink.
The smoke demon gestures at you. Something smites you!
You die...

▓▓▓▓▓▓▓▓▓▓▓
▓.@.......▓▓
▓...........▓▓
▓........5....▓▓
▓?)......35.....▓▓
▓∩)[......4§......▓▓
▓!>)$.....8535...)∩.▓
▓▓∩?}......5......)▓▓
▓▓?!.............▓▓
............▓▓


You could see an obsidian statue, a rust devil, a smoke demon, a ynoxinul, 2
iron imps, a quasit and 2 ufetubi.

Vanquished Creatures
  An ancient lich (WizLab)
  Boris (Vaults:2)
  A shard shrike (Zig:7)
  Frederick (Vaults:4)
  the Lernaean hydra (Swamp:4)
  A bone dragon (Crypt:3)
  2 tentacled monstrosities (Vaults:5)
  6 titans (Vaults:5)
  A deep elf blademaster (Elf:3)
  2 deep elf master archers (Elf:3)
  14 acid blobs
  Gastronok (D:9)
  2 ancient champions
  2 storm dragons (Vaults:5)
  7 shadow dragons
  9 sphinxes
  6 greater nagas (Snake:4)
  3 tengu reavers (Vaults:5)
  A revenant (Crypt:3)
  Wiglaf (Vaults:4)
  3 frost giants
  4 fire giants
  5 azure jellies
  Donald (Swamp:2)
  An iron dragon (Vaults:5)
  Maud (Lair:3)
  3 orc warlords
  6 deep elf sorcerers
  16 vault wardens
  A draconian scorcher (Zig:9)
  4 ghouls (Crypt:3)
  A juggernaut zombie (Zig:5)
  4 very ugly things
  4 balrugs
  A draconian annihilator (Zig:9)
  A war gargoyle (Vaults:5)
  12 stone giants
  7 ironheart preservers
  Nessos (D:13)
  9 deep elf annihilators
  2 vampire knights
  A black draconian (Zig:9)
  2 salamander stormcallers
  9 deep elf demonologists
  A red draconian (Zig:9)
  A yellow draconian (Zig:9)
  Snorg (D:14)
  A quicksilver dragon zombie (Zig:5)
  A green death (Zig:4)
  5 ettins
  2 mummy priests
  9 deep elf death magi
  6 yaktaur captains
  2 death oozes
  2 eidola (Crypt:3)
  A minotaur (Lab)
  A deep elf high priest (Elf:3)
  An entropy weaver (Depths:1)
  Erolcha (Orc:1)
  29 vault guards
  18 hydras
  3 jiangshi (Crypt:1)
  5 great orbs of eyes
  6 naga warriors (Snake:4)
  A rakshasa (Abyss:4)
  2 anacondas (Snake:4)
  A catoblepas (Lair:6)
  7 centaur warriors
  3 death knights
  6 ogre magi
  A sun demon (Lair:8)
  2 shock serpents (Snake:4)
  2 titan zombies (Crypt:3)
  A deep troll earth mage (Vaults:4)
  4 orc high priests (Orc:4)
  A vampire mage (Crypt:1)
  4 alligators
  6 naga sharpshooters (Snake:4)
  Urug (D:13)
  The ghost of st0uf the Destroyer, a journeyman TeCj of Vehumet (D:11)
  3 large abominations
  Nergalle (D:11)
  A soul eater (Crypt:1)
  10 deep elf knights
  2 fire crabs
  A titan skeleton (Zig:7)
  5 wretched stars
  A spatial maelstrom (Abyss:2)
  2 hell knights
  The ghost of axujen the Bludgeoner, a novice KoBe of Trog (D:11)
  3 unseen horrors (D:14)
  3 iron trolls
  3 death scarabs (Tomb:1)
  21 skeletal warriors
  3 flayed ghosts
  7 deep trolls
  16 ironbrand convokers
  3 starcursed masses (Abyss:4)
  A golden dragon zombie (Zig:10)
  2 deep elf summoners
  A shambling mangrove (Swamp:3)
  A swamp dragon (shapeshifter) (Vaults:5)
  A shadow dragon zombie (Zig:1)
  5 naga ritualists (Snake:4)
  A golden dragon skeleton (Zig:10)
  Pikel (D:9)
  13 hill giants
  8 swamp dragons
  4 necromancers
  14 phantasmal warriors
  3 wizards
  A lindwurm (shapeshifter) (Vaults:5)
  2 anubis guards
  12 orc knights
  2 orb spiders (shapeshifter)
  6 wolf spiders
  7 deep elf conjurers
  7 orc sorcerers
  4 frost giant zombies
  17 elephants
  5 mana vipers (Snake:4)
  6 shining eyes
  A salamander (Snake:4)
  A sphinx skeleton (Zig:7)
  3 cyclopes
  11 black mambas
  6 hornets
  A toenail golem (Volcano)
  A fire giant skeleton (Zig:7)
  4 griffons
  A salamander (shapeshifter) (Elf:3)
  15 naga magi (Snake:4)
  3 sixfirhies
  A guardian serpent (Snake:4)
  Maurice (D:8)
  15 ugly things
  2 stone giant skeletons
  An alligator snapping turtle zombie (Crypt:1)
  12 spiny frogs
  3 molten gargoyles (Volcano)
  2 frost giant skeletons
  3 komodo dragons
  Psyche (D:11)
  12 vault sentinels
  An eye of devastation (Slime:4)
  A kobold demonologist (Vaults:1)
  A gargoyle (Volcano)
  An elf zombie (Zig:10)
  3 orange demons (Lair:8)
  2 hellwings
  A tormentor (Zig:10)
  2 hellions (Zig:10)
  9 fire drakes
  27 yaktaurs
  An emperor scorpion zombie (Crypt:3)
  3 giant leeches
  3 red devils (Lair:8)
  6 freezing wraiths
  8 deep elf priests
  A minotaur zombie (Lab)
  A queen bee (shapeshifter) (Vaults:5)
  8 trolls
  9 guardian mummies
  A hydra zombie (Crypt:3)
  2 harpy zombies (D:14)
  3 polar bears
  60 slime creatures
  6 blink frogs
  2 blue devils (Lair:8)
  4 ushabtiu
  13 bog bodies
  3 boulder beetles
  A slime creature (shapeshifter) (Elf:3)
  A raiju (shapeshifter) (Vaults:3)
  22 two-headed ogres
  A fire dragon zombie (Crypt:3)
  A spriggan zombie (Zig:5)
  2 harpy skeletons
  2 ice dragon zombies
  2 ettin zombies
  3 shadows
  6 wyverns
  4 spriggans
  2 ynoxinuls (Abyss:4)
  6 wraiths
  A flying skull (Zig:2)
  A hill giant zombie (WizLab)
  4 redbacks
  A fire dragon skeleton (Tomb:2)
  4 water elementals
  An ettin skeleton (Tomb:1)
  16 deep elf magi
  A human (D:7)
  8 hippogriffs
  5 fire bats
  17 deep elf fighters
  4 vampires
  21 yaks
  A neqoxec (Abyss:4)
  A basilisk (Lair:3)
  A yak (shapeshifter) (Vaults:5)
  A hungry ghost (Zig:2)
  A hog (D:7)
  9 wolves
  A golden eye (Slime:6)
  A yaktaur simulacrum (Vaults:4)
  24 water moccasins
  A merfolk zombie (Crypt:2)
  17 vampire mosquitoes
  6 insubstantial wisps
  A tengu zombie (Zig:5)
  A deep troll zombie (Vaults:4)
  4 mottled dragons
  14 swamp worms
  A hornet simulacrum (D:14)
  4 hell hounds
  14 nagas
  5 porcupines
  11 swamp drakes
  4 wargs
  7 black bears
  3 phantoms
  8 eyes of draining
  4 wasps
  A slave (D:9)
  53 orc warriors
  A sky beast (D:8)
  An eye of draining (shapeshifter) (D:14)
  4 boggarts (Vaults:3)
  An ice beast (D:8)
  8 necrophages
  22 centaurs
  45 ogres
  10 crocodiles
  A snapping turtle skeleton (Tomb:3)
  A big kobold (D:13)
  A brain worm (D:14)
  A deep troll simulacrum (Vaults:4)
  A glowing shapeshifter simulacrum (Vaults:1)
  12 giant frogs
  An earth elemental (Volcano)
  3 scorpions
  5 wyvern skeletons
  2 killer bees (D:9)
  9 troll zombies (WizLab)
  6 wights (WizLab)
  A lava snake (Volcano)
  6 crimson imps
  An electric eel (Lair:5)
  5 giant frog zombies
  4 quasits
  36 orc priests
  A black bear zombie (Crypt:1)
  2 small abominations (Abyss:2)
  3 hounds
  15 jellies
  6 centaur skeletons
  A giant frog skeleton (D:6)
  5 worker ants
  9 iguanas
  22 orc wizards
  A boulder beetle simulacrum (Vaults:3)
  4 ogre zombies (WizLab)
  22 sheep
  2 hound skeletons
  9 mummies
  24 adders
  40 river rats
  2 shadow imps
  A white imp (Zig:7)
  A worm (D:6)
  An adder skeleton (D:8)
  195 orcs
  2 bats
  5 hobgoblins
  4 quokkas
  A ball python (D:6)
  3 giant cockroaches
  6 giant geckos
  A giant gecko skeleton (D:4)
  A giant gecko zombie (D:6)
  3 giant newts
  4 goblins
  5 jackals
  A jackal zombie (Crypt:2)
  10 kobolds
  An orc zombie (Crypt:1)
  2 rats
  2 crawling corpses (Vaults:3)
  2 fire vortices (Volcano)
  A lost soul (Crypt:3)
  4 plants (Lair:8)
1741 creatures vanquished.

Vanquished Creatures (collateral kills)
  the royal jelly (Slime:6)
  A titan (Vaults:5)
  A deep elf blademaster (Elf:3)
  5 acid blobs (Slime:6)
  A frost giant (Vaults:5)
  An azure jelly (Slime:6)
  A deep elf sorcerer (Elf:3)
  An iron dragon (Vaults:5)
  A death ooze (Slime:6)
  A deep elf high priest (Elf:3)
  2 shining eyes (Slime:6)
  A polar bear (Vaults:5)
  A slime creature (Slime:6)
  A black bear (Vaults:5)
  3 jellies (Slime:6)
  An orc (Orc:4)
23 creatures vanquished.

Vanquished Creatures (others)
  10 death scarabs
  2 raiju (Abyss:4)
  A large abomination (Abyss:4)
  A wraith (Zig:10)
  2 golden eyes
  2 mottled dragons (Zig:8)
  A sheep (Lair:8)
  2 mummies (Tomb:2)
  A white imp (Abyss:4)
  An orc (Snake:2)
  A fire vortex (Vaults:5)
  A fulminant prism (D:11)
  10 fungi
  2 lost souls (Crypt:3)
  A pillar of salt (Zig:5)
  24 plants
  2 starspawn tentacles (Abyss:4)
64 creatures vanquished.

Grand Total: 1828 creatures vanquished

Notes
Turn   | Place    | Note
--------------------------------------------------------------
     0 | D:1      | 4thArraOfDagon the Centaur Berserker began the quest for the Orb.
     0 | D:1      | Reached XP level 1. HP: 19/19 MP: 1/1
   175 | D:2      | Reached XP level 2. HP: 24/26 MP: 2/2
   520 | D:4      | Reached XP level 3. HP: 31/31 MP: 3/3
   571 | D:4      | Noticed teron's ghost (novice DrAr)
   576 | D:5      | Entered Level 5 of the Dungeon
   632 | D:5      | Reached ** piety under Trog
   725 | D:6      | Noticed an orc warrior
   745 | D:4      | Reached skill level 1 in Evocations
   746 | D:4      | Reached XP level 4. HP: 38/38 MP: 4/4
   902 | D:4      | Noticed a phantom
   936 | D:5      | Reached XP level 5. HP: 46/46 MP: 4/6
  1019 | D:5      | Reached skill level 4 in Polearms
  1102 | D:6      | Noticed a giant frog
  1113 | D:6      | Killed a giant frog
  1215 | D:6      | Killed an orc warrior
  1215 | D:6      | Reached XP level 6. HP: 24/52 MP: 7/7
  1325 | D:5      | Found a bloodstained altar of Trog.
  1325 | D:5      | Found a glowing silver altar of Zin.
  1330 | D:5      | Found a white marble altar of Elyvilon.
  1369 | D:6      | Noticed a giant frog
  1372 | D:6      | Killed a giant frog
  1396 | D:6      | Reached skill level 5 in Polearms
  1449 | D:6      | Reached XP level 7. HP: 54/60 MP: 8/8
  1494 | D:6      | Noticed an ogre
  1512 | D:6      | Killed an ogre
  1586 | D:6      | Gained mutation: You can breathe flames. [potion of mutation]
  1586 | D:6      | Gained mutation: You are partially covered in yellow scales (AC +2). [potion of mutation]
  1586 | D:6      | Gained mutation: You are dopey. (Int -2) [potion of mutation]
  1779 | D:7      | Reached skill level 6 in Polearms
  1837 | D:7      | Noticed a human
  1837 | D:7      | Noticed a yak
  1837 | D:7      | Noticed a hog
  1843 | D:7      | Killed a human
  1843 | D:7      | Reached *** piety under Trog
  1843 | D:7      | Reached skill level 5 in Fighting
  1843 | D:7      | Reached XP level 8. HP: 68/68 MP: 10/10
  1847 | D:7      | Killed a hog
  1850 | D:7      | Killed a yak
  2068 | D:7      | Found a staircase to the Ecumenical Temple.
  2162 | D:8      | Reached skill level 7 in Polearms
  2284 | D:8      | Noticed Maurice
  2296 | D:8      | Killed Maurice
  2338 | D:8      | Reached XP level 9. HP: 75/75 MP: 12/12
  2461 | D:8      | Noticed Prince Ribbit
  2488 | D:9      | Noticed Gastronok
  2569 | D:9      | Killed Gastronok
  2569 | D:9      | Reached skill level 9 in Polearms
  2569 | D:9      | Reached skill level 5 in Armour
  2569 | D:9      | Reached skill level 5 in Evocations
  2569 | D:9      | Reached XP level 10. HP: 86/86 MP: 12/14
  2695 | D:8      | Gained mutation: You tend to lose your temper in combat. [mutagenic meat]
  2696 | D:8      | Gained mutation: Your spells are a little easier to cast, but a little less powerful. [mutagenic meat]
  2697 | D:8      | Gained mutation: Scrolls take you a little longer to read. [mutagenic meat]
  2806 | D:9      | Found Ruxaih's Assorted Antiques.
  2817 | D:9      | Bought a lumpy amethyst potion for 20 gold pieces
  2944 | D:9      | Found Ofror's Antique Weapon Shoppe.
  3027 | D:9      | Found Acoqippa's Assorted Antiques.
  3030 | D:9      | Bought a scroll labeled ZAUTIUG MOISCH for 32 gold pieces
  3030 | D:9      | Bought a scroll labeled GARUTT QELO for 32 gold pieces
  3053 | D:9      | Found a staircase to the Lair.
  3053 | D:9      | Noticed a fire drake
  3068 | D:9      | Killed a fire drake
  3095 | D:9      | Found a bloodstained altar of Trog.
  3097 | D:9      | Noticed Pikel
  3120 | D:9      | Killed Pikel
  3203 | D:10     | Entered Level 10 of the Dungeon
  3233 | D:10     | Noticed a hill giant
  3633 | D:10     | Found an opulent altar of Gozag.
  3638 | D:10     | Found Gozag's Platinum Reserve.
  3747 | D:10     | Reached skill level 10 in Polearms
  3891 | D:10     | Killed a hill giant
  3913 | D:10     | Identified a scroll of acquirement
  3915 | D:10     | Got a faintly humming centaur barding
  3921 | D:10     | Identified the +6 centaur barding "Nutsuj" {rElec rC- MR+} (You acquired it on level 10 of the Dungeon)
  3921 | D:10     | :)
  4015 | D:11     | Noticed Nergalle
  4019 | D:12     | Noticed a hill giant
  4023 | D:12     | Killed a hill giant
  4081 | D:12     | Reached **** piety under Trog
  4118 | D:12     | Noticed a skeletal warrior
  4119 | D:12     | Reached XP level 11. HP: 94/94 MP: 16/16
  4144 | D:12     | Killed a skeletal warrior
  4182 | D:12     | Noticed a skeletal warrior
  4218 | D:12     | Killed a skeletal warrior
  4259 | D:12     | Noticed a skeletal warrior
  4261 | D:12     | Noticed a skeletal warrior
  4279 | D:12     | Killed a skeletal warrior
  4349 | D:12     | Killed a skeletal warrior
  4372 | D:12     | Noticed a centaur warrior
  4386 | D:12     | Killed a centaur warrior
  4386 | D:12     | Reached skill level 11 in Polearms
  4498 | D:12     | Found a staircase to the Orcish Mines.
  4511 | Orc:1    | Entered Level 1 of the Orcish Mines
  4542 | Orc:1    | Noticed Erolcha
  4550 | Orc:1    | Killed Erolcha
  4672 | Orc:1    | Found a roughly hewn altar of Beogh.
  4680 | Orc:1    | Found a dark tunnel.
  4692 | Volcano  | Entered a volcano
  4832 | Volcano  | Found a burning altar of Makhleb.
  5311 | D:11     | Noticed Psyche
  5322 | D:11     | Noticed a green ugly thing
  5463 | D:9      | Bought a scroll of magic mapping for 80 gold pieces
  5463 | D:9      | Bought a scroll of magic mapping for 80 gold pieces
  5463 | D:9      | Bought a slimy troll leather armour for 460 gold pieces
  5473 | D:9      | Identified the +2 troll leather armour "Eraxkof" {Regen+ Stlth+} (You bought it in a shop on level 9 of the Dungeon)
  5473 | D:9      | decent
  5531 | D:11     | Killed Psyche
  5534 | D:11     | Noticed a hill giant
  5592 | D:11     | Noticed a red ugly thing
  5882 | Orc:2    | Noticed Fannar
  5962 | Orc:3    | Found Vional's Antique Armour Shoppe.
  5966 | Orc:3    | Bought a runed hat for 108 gold pieces
  6093 | Orc:4    | Entered Level 4 of the Orcish Mines
  6166 | Orc:4    | Reached XP level 12. HP: 104/104 MP: 17/17
  6232 | Orc:4    | Reached skill level 12 in Polearms
  6298 | Orc:4    | Reached ***** piety under Trog
  6501 | Orc:3    | Bought a pair of bloodstained gloves for 256 gold pieces
  6511 | Orc:3    | Identified the cursed -2 pair of gloves of Boiling Hail {SInv} (You bought it in a shop on level 3 of the Orcish Mines)
  6511 | Orc:3    | :)
  6714 | Orc:4    | Received a gift from Trog
  6732 | Orc:4    | Found a roughly hewn altar of Beogh.
  6773 | Orc:4    | Noticed an ettin
  6783 | Orc:4    | Killed an ettin
  6804 | Orc:4    | Found Makare's General Store.
  6809 | Orc:4    | Bought a scroll of identify for 26 gold pieces
  6870 | Orc:4    | Found Ziobbaydak's Book Shoppe.
  6952 | Orc:4    | Received a gift from Trog
  6954 | Orc:4    | rly
  6983 | Orc:4    | Reached skill level 10 in Fighting
  7371 | Orc:4    | Noticed an orc warlord
  7414 | Orc:4    | Killed an orc warlord
  7414 | Orc:4    | Reached skill level 13 in Polearms
  7468 | Orc:4    | Found a roughly hewn altar of Beogh.
  7493 | Orc:4    | lets clutch this out
  7536 | Orc:4    | Noticed an orc high priest
  7561 | Orc:4    | Killed an orc high priest
  7573 | Orc:4    | Found Bojex's Antique Weapon Emporium.
  7641 | Orc:4    | Noticed an orc high priest
  7672 | Orc:4    | Killed an orc high priest
  7763 | Orc:4    | Noticed an orc high priest
  7784 | Orc:4    | Killed an orc high priest
  7835 | Orc:4    | Noticed an orc high priest
  7850 | Orc:4    | Received a gift from Trog
  7856 | Orc:4    | Killed an orc high priest
  7871 | Orc:4    | Found Koq Quan's Assorted Antiques.
  7880 | Orc:4    | Bought a scroll of magic mapping for 105 gold pieces
  7957 | Orc:4    | Reached XP level 13. HP: 113/113 MP: 18/18
  8114 | Orc:4    | Found a staircase to the Elven Halls.
  8126 | Elf:1    | Entered Level 1 of the Elven Halls
  8272 | Elf:1    | Reached skill level 14 in Polearms
  8405 | Elf:2    | Found Jiarexi's Antique Armour Emporium.
  8412 | Elf:2    | Noticed a deep elf demonologist
  8454 | Elf:2    | Noticed a Hell Sentinel
  8454 | Elf:2    | Killed a deep elf demonologist
  8672 | Elf:2    | Noticed a deep elf demonologist
  8710 | Elf:2    | Killed a deep elf demonologist
  8741 | Elf:2    | Bought an embroidered cloak for 166 gold pieces
  8801 | Elf:3    | Entered Level 3 of the Elven Halls
  8986 | Elf:3    | Received a gift from Trog
  9218 | Elf:3    | Noticed a deep elf annihilator
  9229 | Elf:3    | Noticed a deep elf demonologist
  9246 | Elf:3    | Noticed an Executioner
  9246 | Elf:3    | Killed a deep elf demonologist
  9261 | Elf:3    | Noticed a deep elf demonologist
  9281 | Elf:3    | Noticed a deep elf annihilator
  9284 | Elf:3    | Noticed a Hell Sentinel
  9290 | Elf:3    | Killed a deep elf demonologist
  9315 | Elf:3    | Killed a deep elf annihilator
  9346 | Elf:3    | Noticed a deep elf demonologist
  9369 | Elf:3    | Noticed a balrug
  9372 | Elf:3    | Killed a deep elf demonologist
  9453 | Elf:3    | Noticed a deep elf annihilator
  9459 | Elf:3    | Noticed a deep elf annihilator
  9474 | Elf:3    | Killed a deep elf annihilator
  9475 | Elf:3    | Noticed a deep elf annihilator
  9485 | Elf:3    | Killed a deep elf annihilator
  9485 | Elf:3    | Reached skill level 15 in Polearms
  9485 | Elf:3    | Reached XP level 14. HP: 83/121 MP: 19/19
  9487 | Elf:3    | Killed a deep elf annihilator
  9549 | Elf:3    | Noticed a deep elf blademaster
  9560 | Elf:3    | Killed a deep elf blademaster
  9600 | Elf:3    | Noticed a deep elf sorcerer
  9617 | Elf:3    | Killed a deep elf sorcerer
  9617 | Elf:3    | Reached skill level 5 in Dodging
  9670 | Elf:3    | Noticed a deep elf annihilator
  9675 | Elf:3    | Noticed a deep elf demonologist
  9685 | Elf:3    | Killed a deep elf annihilator
  9720 | Elf:3    | Killed a deep elf annihilator
  9724 | Elf:3    | Killed a deep elf demonologist
  9819 | Elf:3    | Noticed a deep elf demonologist
  9824 | Elf:3    | Noticed a deep elf demonologist
  9848 | Elf:3    | Killed a deep elf demonologist
  9918 | Elf:3    | Killed a deep elf demonologist
  9922 | Elf:3    | Got an ancient scale mail
  9957 | Elf:3    | Noticed a deep elf sorcerer
  9982 | Elf:3    | Killed a deep elf sorcerer
 10037 | Elf:3    | Identified the +5 scale mail "Netiusen" {rElec Str+3} (You took it off a deep elf high priest on level 3 of the Elven Halls)
 10076 | Elf:3    | Noticed a deep elf demonologist
 10098 | Elf:3    | Killed a deep elf demonologist
 10100 | Elf:3    | Got a smoking diamond amulet
 10109 | Elf:3    | Noticed a deep elf sorcerer
 10121 | Elf:3    | Noticed a deep elf blademaster
 10154 | Elf:3    | Killed a deep elf blademaster
 10159 | Elf:3    | Killed a deep elf sorcerer
 10162 | Elf:3    | Got a heavily jewelled robe
 10190 | Elf:3    | Noticed a deep elf sorcerer
 10228 | Elf:3    | Killed a deep elf sorcerer
 10264 | Elf:3    | Noticed a deep elf sorcerer
 10292 | Elf:3    | Killed a deep elf sorcerer
 10292 | Elf:3    | Received a gift from Trog
 10322 | Elf:3    | Noticed a deep elf master archer
 10335 | Elf:3    | Killed a deep elf master archer
 10335 | Elf:3    | Reached skill level 16 in Polearms
 10335 | Elf:3    | Reached skill level 10 in Armour
 10352 | Elf:3    | Identified the amulet "Behuutea" {Clar rF+} (You took it off a deep elf demonologist on level 3 of the Elven Halls)
 10412 | Elf:3    | Identified Fawnen's Reference Book on the Enthralling Entourage
 10447 | Elf:3    | Identified the +1 robe "Foovaxt" {rF+ Stlth+} (You took it off a deep elf sorcerer on level 3 of the Elven Halls)
 10497 | Elf:3    | Noticed a deep elf annihilator
 10509 | Elf:3    | Noticed a deep elf master archer
 10512 | Elf:3    | Killed a deep elf master archer
 10515 | Elf:3    | Noticed a deep elf annihilator
 10643 | Elf:3    | Killed a deep elf annihilator
 10745 | Elf:3    | Killed a deep elf annihilator
 10923 | Elf:3    | Noticed a deep elf sorcerer
 10941 | Elf:3    | Killed a deep elf sorcerer
 11064 | Elf:1    | Reached XP level 15. HP: 126/126 MP: 20/20
 11233 | D:11     | Noticed st0uf's ghost (journeyman TeCj)
 11261 | D:11     | Killed st0uf's ghost
 11263 | D:11     | rotfl
 11281 | D:11     | Killed Nergalle
 11283 | D:11     | Killed a hill giant
 11285 | D:11     | Killed a green ugly thing
 11382 | D:9      | Bought a scroll of enchant weapon for 240 gold pieces
 11400 | Lair:1   | Entered Level 1 of the Lair of Beasts
 11648 | Lair:1   | Found a shimmering altar of Xom.
 11680 | Lair:1   | Received a gift from Trog
 11902 | Lair:3   | Noticed Maud
 11916 | Lair:3   | Killed Maud
 12087 | Lair:4   | Received a gift from Trog
 12547 | Lair:6   | Got a warped ruby amulet
 12550 | Lair:6   | Identified the amulet "Hientost" {Spirit rN+ Int+2} (You found it on level 6 of the Lair of Beasts)
 12682 | Lair:8   | Entered Level 8 of the Lair of Beasts
 12689 | Lair:8   | Found a labyrinth entrance.
 12698 | Lab      | Entered a labyrinth
 12919 | Lab      | Got a scorched leather armour
 12930 | Lab      | Identified the +3 leather armour of Weunn {Int+7 Dex-5} (You found it in a labyrinth)
 13191 | Lair:8   | Received a gift from Trog
 13224 | Lair:8   | Found a burning altar of Makhleb.
 13249 | Lair:8   | Reached skill level 17 in Polearms
 13319 | Lair:8   | Found a gateway to Hell.
 13392 | Lair:8   | Got a bloodstained leather armour
 13403 | Lair:8   | Identified the cursed +1 leather armour of Joy {rC- Int+4} (You found it on level 8 of the Lair of Beasts)
 13868 | Lair:5   | Found a staircase to the Swamp.
 13875 | Lair:5   | Reached ****** piety under Trog
 13890 | Swamp:1  | Entered Level 1 of the Swamp
 13993 | Swamp:1  | Received a gift from Trog
 14144 | Swamp:2  | Reached XP level 16. HP: 129/134 MP: 18/21
 14296 | Swamp:2  | Noticed Donald
 14331 | Swamp:2  | Killed Donald
 14597 | Swamp:4  | Entered Level 4 of the Swamp
 14683 | Swamp:3  | Noticed Roxanne
 14700 | Swamp:3  | Reached skill level 18 in Polearms
 15311 | Swamp:4  | Noticed the 27-headed Lernaean hydra
 15462 | Swamp:4  | Killed the 23-headed Lernaean hydra
 15521 | Swamp:4  | Got a decaying rune of Zot
 15825 | Lair:3   | Found a staircase to the Snake Pit.
 15857 | Snake:1  | Entered Level 1 of the Snake Pit
 15878 | Snake:2  | Noticed Saint Roka
 15885 | Snake:4  | Entered Level 4 of the Snake Pit
 15951 | Snake:4  | Got a brightly glowing trident
 15993 | Snake:4  | Identified the cursed +0 trident of Culezub {freeze, Str+2 Dex+5} (You found it on level 4 of the Snake Pit)
 16279 | Snake:4  | Reached skill level 19 in Polearms
 16578 | Snake:4  | Reached XP level 17. HP: 140/140 MP: 19/22
 16713 | Snake:4  | Received a gift from Trog
 16852 | Snake:4  | Reached skill level 10 in Dodging
 17161 | Snake:4  | Got a serpentine rune of Zot
 17786 | Lair:7   | Found a staircase to the Slime Pits.
 17852 | Slime:1  | Entered Level 1 of the Pits of Slime
 17854 | Slime:1  | Gained mutation: You occasionally shout uncontrollably at your foes. [a shining eye]
 17858 | Slime:1  | Lost mutation: You are dopey. (Int -2) [a shining eye]
 17858 | Slime:1  | Gained mutation: You are dopey. (Int -2) [a shining eye]
 17860 | Slime:1  | Gained mutation: Your body sometimes deteriorates upon taking damage. [a shining eye]
 17913 | Slime:1  | Gained mutation: You are very dopey. (Int -4) [a shining eye]
 17913 | Slime:1  | Gained mutation: You are weak. (Str -2) [a shining eye]
 17915 | Slime:1  | Gained mutation: Your magical capacity is low (-10% MP). [a shining eye]
 17915 | Slime:1  | Gained mutation: Your spells are easier to cast, but less powerful. [a shining eye]
 17916 | Slime:1  | Gained mutation: Your body often deteriorates upon taking damage. [a shining eye]
 17920 | Slime:1  | Gained mutation: You are frail (-10% HP). [a shining eye]
 17922 | Slime:1  | Gained mutation: You are clumsy. (Dex -2) [a shining eye]
 17922 | Slime:1  | Gained mutation: You are very weak. (Str -4) [a shining eye]
 17924 | Slime:1  | Gained mutation: You often lose your temper in combat. [a shining eye]
 17926 | Slime:1  | Gained mutation: Your spells are much easier to cast, but much less powerful. [a shining eye]
 17928 | Slime:1  | Gained mutation: Scrolls take you longer to read. [a shining eye]
 18183 | Slime:3  | Reached skill level 20 in Polearms
 18534 | Slime:6  | Entered Level 6 of the Pits of Slime
 18561 | Slime:5  | Received a gift from Trog
 19098 | Slime:4  | Reached XP level 18. HP: 133/133 MP: 18/21
 19200 | Slime:6  | Gained mutation: You are very frail (-20% HP). [a shining eye]
 19328 | Slime:6  | Found a viscous altar of Jiyva.
 19339 | Slime:6  | Noticed the royal jelly
 19348 | Slime:6  | Killed the royal jelly
 19428 | Slime:6  | Got a brightly glowing bone ring
 19433 | Slime:6  | Got a heavily runed plate armour
 19439 | Slime:6  | Identified the ring "Paunneury" {+/*Tele Int+6 Stlth+} (You found it on level 6 of the Pits of Slime)
 19485 | Slime:6  | Identified the +10 plate armour of the Chupacabra {Dex+4} (You found it on level 6 of the Pits of Slime)
 19489 | Slime:6  | Got a vibrating wooden ring
 19500 | Slime:6  | Got a slimy rune of Zot
 19503 | Slime:6  | nice
 19506 | Slime:6  | Identified the ring of Zauvaf {Str+5 Dex+4} (You found it on level 6 of the Pits of Slime)
 19521 | Slime:6  | Got an ancient tin ring
 19523 | Slime:6  | Identified the ring of Life {rC+ EV+6 Str+4} (You found it on level 6 of the Pits of Slime)
 19683 | Slime:5  | fail
 19793 | Lair:7   | Reached skill level 21 in Polearms
 20133 | D:5      | bye ragy diety
 20133 | D:5      | Fell from the grace of Trog
 20133 | D:5      | Became a worshipper of Zin the Law-Giver
 20133 | D:5      | Reached * piety under Zin
 20133 | D:5      | Reached ** piety under Zin
 20134 | D:5      | Donated 838 gold pieces to Zin
 20135 | D:5      | Donated 419 gold pieces to Zin
 20136 | D:5      | Donated 209 gold pieces to Zin
 20137 | D:5      | Donated 105 gold pieces to Zin
 20138 | D:5      | Donated 52 gold pieces to Zin
 20162 | D:6      | Reached *** piety under Zin
 20196 | D:7      | Learned a level 2 spell: Blink
 20199 | D:7      | Learned a level 2 spell: Repel Missiles
 20282 | D:11     | Noticed axujen's ghost (novice KoBe)
 20293 | D:11     | Reached **** piety under Zin
 20301 | D:11     | Killed axujen's ghost
 20333 | D:13     | Noticed Urug
 20340 | D:13     | Killed Urug
 20340 | D:13     | Reached skill level 1 in Invocations
 20421 | D:13     | Noticed a centaur warrior
 20424 | D:13     | Killed a centaur warrior
 20457 | D:14     | Reached skill level 1 in Stealth
 20664 | D:14     | Reached ***** piety under Zin
 20686 | D:14     | Found a sparkling altar of Nemelex Xobeh.
 20768 | D:15     | Entered Level 15 of the Dungeon
 20784 | D:14     | Noticed Snorg
 20789 | D:14     | Killed Snorg
 20800 | D:13     | Noticed Nessos
 20818 | D:13     | Killed Nessos
 20998 | D:15     | Reached skill level 5 in Invocations
 21093 | D:14     | Lost mutation: Scrolls take you longer to read. [potion of cure mutation]
 21093 | D:14     | Lost mutation: You can breathe flames. [potion of cure mutation]
 21093 | D:14     | Lost mutation: Your body often deteriorates upon taking damage. [potion of cure mutation]
 21093 | D:14     | Lost mutation: You are clumsy. (Dex -2) [potion of cure mutation]
 21093 | D:14     | Lost mutation: You are partially covered in yellow scales (AC +2). [potion of cure mutation]
 21093 | D:14     | Lost mutation: You often lose your temper in combat. [potion of cure mutation]
 21093 | D:14     | Lost mutation: Scrolls take you a little longer to read. [potion of cure mutation]
 21192 | D:14     | Found a gate to the Vaults.
 21201 | Vaults:1 | Entered Level 1 of the Vaults
 21731 | Vaults:1 | Reached ****** piety under Zin
 21736 | Vaults:1 | Received a gift from Zin
 21736 | Vaults:1 | Lost mutation: You tend to lose your temper in combat. [Zin's power]
 21736 | Vaults:1 | Lost mutation: Your body sometimes deteriorates upon taking damage. [Zin's power]
 21736 | Vaults:1 | Lost mutation: You are very dopey. (Int -4) [Zin's power]
 21736 | Vaults:1 | Lost mutation: You are dopey. (Int -2) [Zin's power]
 21736 | Vaults:1 | Lost mutation: You are very frail (-20% HP). [Zin's power]
 21736 | Vaults:1 | Lost mutation: You are frail (-10% HP). [Zin's power]
 21736 | Vaults:1 | Lost mutation: Your magical capacity is low (-10% MP). [Zin's power]
 21736 | Vaults:1 | Lost mutation: You occasionally shout uncontrollably at your foes. [Zin's power]
 21736 | Vaults:1 | Lost mutation: You are very weak. (Str -4) [Zin's power]
 21736 | Vaults:1 | Lost mutation: You are weak. (Str -2) [Zin's power]
 21736 | Vaults:1 | Lost mutation: Your spells are much easier to cast, but much less powerful. [Zin's power]
 21736 | Vaults:1 | Lost mutation: Your spells are easier to cast, but less powerful. [Zin's power]
 21736 | Vaults:1 | Lost mutation: Your spells are a little easier to cast, but a little less powerful. [Zin's power]
 21951 | Vaults:1 | Reached skill level 1 in Translocations
 22270 | Vaults:3 | Reached skill level 1 in Spellcasting
 22468 | Vaults:3 | Reached XP level 19. HP: 90/154 MP: 25/25
 22557 | Vaults:3 | You fall through a shaft!
 22737 | Vaults:4 | Reached skill level 1 in Charms
 22737 | Vaults:4 | Reached skill level 1 in Air Magic
 22865 | Vaults:5 | Entered Level 5 of the Vaults
 22897 | Vaults:3 | Noticed Wiglaf
 23103 | Vaults:4 | Noticed Frederick
 23119 | Vaults:4 | Killed Frederick
 23562 | Vaults:3 | Reached skill level 10 in Invocations
 23598 | Vaults:3 | Reached skill level 5 in Stealth
 23792 | Vaults:4 | Killed Wiglaf
 24571 | Vaults:5 | Got a twitching wooden ring
 24572 | Vaults:5 | Identified the ring "Wohyg" {+Fly rElec MP-9 Str+4 Dex+3} (You took it off a vault guard on level 5 of the Vaults)
 24646 | Vaults:5 | Reached XP level 20. HP: 145/161 MP: 29/29
 24695 | Vaults:5 | Paralysed by a sphinx for 5 turns
 25033 | Vaults:5 | Got a slimy platinum ring
 25034 | Vaults:5 | Identified the ring of Cere {+Fly rF+ rC+ Str+4 Dex+5} (You took it off a vault guard on level 5 of the Vaults)
 25040 | Vaults:5 | Identified a +9 rod of the swarm (8/10) (You took it off a vault guard on level 5 of the Vaults)
 25674 | Vaults:5 | Got a silver rune of Zot
 25677 | Vaults:5 | Cast into the Abyss (an ogre mage)
 25681 | Abyss:1  | :(
 25684 | Abyss:1  | Found a corrupted altar of Lugonu.
 25936 | Abyss:2  | Found a snail-covered altar of Cheibriados.
 26399 | Abyss:4  | Paralysed by accursed screaming for 1 turns
 26409 | Abyss:4  | Got an abyssal rune of Zot
 26438 | Vaults:5 | Escaped the Abyss
 27482 | Vaults:5 | Identified the Handbook of Ashen Confrontation
 27486 | Vaults:5 | Got a pearl-encrusted scale mail
 27507 | Vaults:5 | Identified the cursed +0 scale mail of a wizard's laboratory {Str+3 Dex-5 SInv} (You found it on level 5 of the Vaults)
 27685 | Vaults:5 | Reached XP level 21. HP: 108/168 MP: 31/31
 27766 | Vaults:5 | Found Bume's Armour Emporium.
 27774 | Vaults:5 | Bought a +2 cloak of invisibility for 344 gold pieces
 27789 | Vaults:5 | Got a slimy ring mail
 28166 | Vaults:3 | Identified the +3 ring mail "Ykhlu" {MR+ Str+5 Dex-4} (You found it on level 5 of the Vaults)
 28360 | Vaults:3 | Found a staircase to the Crypt.
 28403 | Crypt:1  | Entered Level 1 of the Crypt
 28437 | Crypt:1  | Reached skill level 10 in Stealth
 28583 | Crypt:1  | You fall through a shaft!
 28679 | Crypt:2  | Paralysed by a sphinx for 6 turns
 28723 | Crypt:2  | Noticed a greater mummy
 28775 | Crypt:3  | Entered Level 3 of the Crypt
 29677 | Crypt:3  | Got a warped chain mail
 29678 | Crypt:3  | Identified the +4 chain mail "Toit" {rF++ rN++ MR-} (You found it on level 3 of the Crypt)
 29679 | Crypt:3  | reallu
 29978 | Crypt:3  | Found a staircase to the Tomb.
 30014 | Tomb:1   | Entered Level 1 of the Tomb of the Ancients
 30146 | Tomb:1   | Noticed a greater mummy
 30164 | Tomb:1   | Noticed a greater mummy
 30165 | Tomb:1   | Noticed a greater mummy
 30166 | Tomb:1   | Noticed a greater mummy
 30166 | Tomb:1   | Noticed a greater mummy
 30167 | Tomb:1   | HP: 8/168 [death scarab[a greater mummy] (20)]
 30172 | Tomb:1   | Was forgiven by Trog
 30373 | Tomb:1   | Noticed a greater mummy
 30373 | Tomb:1   | Noticed a greater mummy
 30442 | Tomb:1   | Noticed a greater mummy
 30768 | Tomb:3   | Entered Level 3 of the Tomb of the Ancients
 30773 | Tomb:3   | Noticed a greater mummy
 30773 | Tomb:3   | Noticed a greater mummy
 30773 | Tomb:3   | Noticed a greater mummy
 30774 | Tomb:3   | Noticed a greater mummy
 30775 | Tomb:3   | Noticed a greater mummy
 30780 | Tomb:3   | Got a golden rune of Zot
 30810 | Tomb:3   | Learned a level 5 spell: Phase Shift
 30818 | Tomb:3   | Got a scorched lapis lazuli ring
 30830 | Tomb:3   | Learned a level 8 spell: Controlled Blink
 30867 | Tomb:3   | Noticed a greater mummy
 30869 | Tomb:3   | Noticed a greater mummy
 31103 | Crypt:1  | Identified the ring "Jisk" {+Fly rPois rN+ Int+3} (You found it on level 3 of the Tomb of the Ancients)
 31176 | Vaults:2 | Noticed Mara
 31213 | Vaults:2 | Noticed Mennas
 31256 | Vaults:2 | Noticed Margery
 31297 | Vaults:2 | Noticed Boris
 31303 | Vaults:2 | Killed Boris
 31632 | Orc:4    | Bought a bread ration for 65 gold pieces
 31642 | Orc:4    | Bought a book of Cantrips for 260 gold pieces
 31644 | Orc:4    | Learned a level 1 spell: Apportation
 31875 | D:15     | Found a staircase to the Depths.
 31909 | Depths:1 | Entered Level 1 of the Depths
 32101 | Depths:1 | Reached XP level 22. HP: 156/179 MP: 32/32
 32126 | Depths:1 | Found a magical portal.
 32131 | WizLab   | Entered Zonguldrok's Shrine
 32339 | WizLab   | Noticed an antique lich
 32351 | WizLab   | Killed an antique lich
 32527 | Depths:2 | Found a gateway to a ziggurat.
 32536 | Zig:1    | Entered Level 1 of a ziggurat
 32561 | Zig:2    | Entered Level 2 of a ziggurat
 32588 | Zig:2    | Reached skill level 5 in Translocations
 32602 | Zig:3    | Entered Level 3 of a ziggurat
 32659 | Zig:3    | Identified the Incunabulum of the Unstable Oath (You found it on level 3 of a ziggurat)
 32664 | Zig:3    | Learned a level 3 spell: Spectral Weapon
 32667 | Zig:4    | Entered Level 4 of a ziggurat
 32818 | Zig:5    | Entered Level 5 of a ziggurat
 32878 | Zig:5    | Identified the Collected Works on Earth (You found it on level 5 of a ziggurat)
 32907 | Zig:6    | Entered Level 6 of a ziggurat
 32985 | Zig:6    | Got an encrusted hat
 32986 | Zig:6    | Identified the +2 hat of Lyixih {rElec Str+4 Int+4} (You found it on level 6 of a ziggurat)
 33004 | Zig:6    | Identified the Grimoire of Quantum Battle Magic (You found it on level 6 of a ziggurat)
 33008 | Zig:7    | Entered Level 7 of a ziggurat
 33014 | Zig:7    | Noticed a shard shrike
 33045 | Zig:7    | Killed a shard shrike
 33081 | Zig:7    | Got a wavering turquoise ring
 33083 | Zig:7    | Identified the ring "Mussarae" {+Blink rElec rF+ Dex-5 Slay+2} (You found it on level 7 of a ziggurat)
 33177 | Zig:8    | Entered Level 8 of a ziggurat
 33230 | Zig:9    | Entered Level 9 of a ziggurat
 33301 | Zig:9    | Reached XP level 23. HP: 98/190 MP: 23/33
 33304 | Zig:10   | Entered Level 10 of a ziggurat
 33413 | Zig:10   | oh no
 33472 | Zig:10   | HP: 2/286 [hellion/burst of hellfire (30)]
 33499 | Zig:10   | Killed from afar by a smoke demon

Vault maps used:
D:1:      roderic_crossed_star
D:2:      serial_bayou_ford_a
D:4:      first_bread
D:5:      nicolae_overflow_hidden_temple, uniq_blork_the_orc
D:6:      uniq_edmund
D:7:      minmay_temple_entry_purple_smoke, grunt_livestock
D:8:      minmay_misc_feat_more_columns, minmay_misc_feat_cross, uniq_maurice,
          uniq_prince_ribbit1
D:9:      minmay_lair_entry_lava, basic_altar, serial_shops, kennysheep_mini,
          shop, kennysheep_mini_moat, uniq_gastronok, uniq_pikel
D:10:     grunt_ministairs_2, nicolae_gozag_zags_fifth_avenue
D:11:     uniq_erica, uniq_nergalle, uniq_psyche
D:12:     orc_0_dummy
D:13:     tgw_fedhas, uniq_urug, uniq_nessos, uniq_frances
D:14:     david_vaults_1, serial_glass, glass_columns_a, glass_columns_a,
          due_unseen_surprise, david_defended_altar_elf, uniq_snorg
D:15:     grunt_enter_depths_giant_problem, lemuel_statue_altar
Lair:1:   lemuel_reptile_caves, basic_altar
Lair:2:   minmay_holes, grunt_megastairs_4
Lair:3:   guppyfry_snake_entry_garden, uniq_maud
Lair:4:   patterned_corridor
Lair:5:   nicolae_swamp_entry_splash_gauntlet,
          grunt_forest_small_clearing_treed, infiniplex_staircase_pool
Lair:6:   zaba_antful_of_joy
Lair:7:   slime_dummy, minivault_26, wad_woods_road_04
Lair:8:   evil_forest, lab_entry_generic, wad_woods_03
Swamp:1:  evilmike_swamp_ruin_house_2
Swamp:2:  evilmike_swamp_ruin_house_3, uniq_donald, uniq_louise
Swamp:3:  hangedman_swamp_pad, uniq_roxanne
Swamp:4:  grunt_swamp_rune_castle
Snake:1:  basic_altar
Snake:2:  uniq_aizul, uniq_saint_roka, uniq_agnes
Snake:3:  nicolae_aizul_guard
Snake:4:  snake_pit, serial_bayou_shore_a
Orc:1:    nicolae_volcano_entry_s_turn, basic_altar, uniq_erolcha
Orc:2:    serial_shops, nicolae_shop_stone, uniq_fannar
Orc:3:    serial_shops, shop, nicolae_orc_pool_cavern, nicolae_orc_rockfall
Orc:4:    pubby_orc_utopia
Elf:1:    eino_elf_arrival_sip, hangedman_elf_disciples, st_stairs_14
Elf:2:    serial_shops, nicolae_shop_waterfront
Elf:3:    elf_hall_gauntlet_wide
Vaults:1: ontoclasm_vaults_misaligned, hangedman_vaults_nodes, v_misc_12,
          vaults_dpeg_doors, nicolae_vaults_ring_of_whatevers, v_misc_2,
          v_misc_5, grunt_vaults_hallway_long
Vaults:2: hangedman_vaults_restitches, hangedman_vaults_snaps,
          vaults_mumra_minichess_inversion, hangedman_vaults_nails, v_misc_12,
          vaults_room_door_ring, v_misc_3, ontoclasm_vaults_ring_small,
          nicolae_vaults_circle_grid_b, nicolae_vaults_little_squares_6,
          uniq_boris, uniq_mennas, uniq_mara, uniq_margery
Vaults:3: minmay_crypt_entry_simple_plaza, nicolae_vaults_sealed_display,
          nicolae_vaults_stairing_the_circle, nicolae_vaults_little_ls,
          v_alt_pattern_6, v_misc_28, ontoclasm_vaults_pinch,
          vaults_room_grunt_arrival_checkpoint, v_pattern_4,
          ontoclasm_vaults_ligature, v_misc_25, v_alt_pattern_1,
          vaults_room_glass_cross, vaults_room_large_hall, uniq_jorgrun,
          uniq_wiglaf
Vaults:4: hangedman_vaults_trim, vaults_room_hallway, vaults_dpeg_ring,
          hangedman_vaults_stagger, v_misc_4, nicolae_vaults_octagons, v_misc_2,
          ontoclasm_vaults_misaligned, v_misc_8, hangedman_vaults_restitches,
          ontoclasm_vaults_decontamination, nicolae_vaults_little_squares_4,
          uniq_frederick
Crypt:1:  st_stairs_14, grunt_crypt_arrival_split
Crypt:2:  ragdoll_tomb_raider
Crypt:3:  evilmike_haunted_forest
Depths:1: spider_temple_joshua, kennysheep_cross_bottleneck, mu_enter_wizlab_2,
          hangedman_coc_ice_floe, cheibriados_altar_1, uniq_nikola
Depths:2: kennysheep_six_static_rooms, enter_ziggurat_a, minmay_misc_feat_rows,
          hellmouth_1, abyss_entry
Abyss:3:  evilmike_abyss_exit_glass, minivault_26, hangedman_summoners_spam
Abyss:4:  minivault_11, evilmike_abyss_rune_shrine, evilmike_abyss_exit_3,
          hangedman_decor_peaks_small, eino_small_chamber_without_monster
Lab:      labyrinth_hidden_loot, nicolae_lab_garden, nicolae_lab_plus,
          labyrinth_skeletal_remains, nicolae_lab_dead_end
Volcano:  volcano_lake
WizLab:   wizlab_zonguldrok

Action                   |  1- 3 |  4- 6 |  7- 9 | 10-12 | 13-15 | 16-18 | 19-21 | 22-24 || total
-------------------------+-------+-------+-------+-------+-------+-------+-------+-------++-------
Melee: Spear             |   107 |   128 |       |       |       |       |       |       ||   235
       Glaive            |       |    31 |   192 |   887 |       |       |       |       ||  1110
       Bardiche          |       |       |       |   111 |   984 |  1419 |  1717 |   355 ||  4586
 Cast: Repel Missiles    |       |       |       |       |       |     1 |    12 |       ||    13
       Blink             |       |       |       |       |       |     1 |    23 |     1 ||    25
       Apportation       |       |       |       |       |       |       |       |    22 ||    22
Invok: Berserk           |     2 |     2 |     6 |    38 |    27 |    28 |       |       ||   103
       Trog's Hand       |       |     3 |     4 |    17 |    12 |    13 |       |       ||    49
       Brothers in Arms  |       |       |       |     2 |     3 |     5 |       |       ||    10
       Burn Spellbooks   |       |       |       |       |     1 |     1 |       |       ||     2
       Donate Gold       |       |       |       |       |       |     5 |       |       ||     5
       Vitalisation      |       |       |       |       |       |     3 |    52 |     6 ||    61
       Cure All Mutation |       |       |       |       |       |     1 |       |       ||     1
       Recite            |       |       |       |       |       |       |     8 |     5 ||    13
       Sanctuary         |       |       |       |       |       |       |     4 |     3 ||     7
       Imprison          |       |       |       |       |       |       |       |     1 ||     1
 Abil: Evoke Teleportati |     1 |       |       |    14 |     1 |    10 |    47 |       ||    73
       Breathe Fire      |       |       |     1 |       |       |       |       |       ||     1
Evoke: Wand              |       |       |       |       |     6 |    11 |    12 |    11 ||    40
       Box of beasts     |       |       |       |       |       |     1 |       |       ||     1
       Phantom mirror    |       |       |       |       |       |     1 |       |       ||     1
       Sack of spiders   |       |       |       |       |       |       |    17 |       ||    17
       Deck              |       |       |       |       |       |       |     6 |     1 ||     7
       Phial of floods   |       |       |       |       |       |       |     2 |     1 ||     3
       Lamp of fire      |       |       |       |       |       |       |     1 |       ||     1
  Use: Scroll            |    11 |     3 |     2 |    11 |    24 |    15 |    30 |    12 ||   108
       Potion            |     1 |     1 |     1 |       |     6 |     9 |     3 |     9 ||    30
 Stab: Sleeping          |       |       |       |     5 |     5 |     3 |    23 |       ||    36
       Distracted        |       |       |       |     2 |     2 |     1 |    13 |     3 ||    21
       Invisible         |       |       |       |       |     2 |       |       |       ||     2
       Held in net/web   |       |       |       |       |       |       |     1 |       ||     1
       Paralysed         |       |       |       |       |       |       |     1 |       ||     1
  Eat: Chunk             |     1 |     5 |    10 |    67 |    34 |     4 |       |       ||   121
       Beef jerky        |       |       |       |     3 |     3 |     1 |     2 |     1 ||    10
       Pizza             |       |       |       |     2 |     6 |     3 |     2 |       ||    13
       Fruit             |       |       |       |     3 |    10 |     4 |     6 |       ||    23
       Bread ration      |       |       |       |       |       |    15 |     4 |     2 ||    21
       Royal jelly       |       |       |       |       |       |     1 |       |       ||     1
       Meat ration       |       |       |       |       |       |       |     6 |       ||     6
